 Dungeon Sprint DCSS version 0.29.1-1-gd02db6906a (webtiles) character file.

Game seed: 11466359166922450250

144 Groucho the Covert (level 5, 0/25 HPs)
             Began as a Spriggan Enchanter on Oct 16, 2022.
             Was an Elder of Makhleb.
             Slain by a fire bat (9 damage)
             ... in the Dungeon (Sprint VII: "The Pits").
             The game lasted 00:03:57 (2639 turns).

Groucho the Covert (Spriggan Enchanter)             Turns: 2639, Time: 00:03:57

Health: 0/25       AC:  2    Str:  6    XL:     5   Next: 5%
Magic:  12/14      EV: 18    Int: 16    God:    Makhleb [****..]
Gold:   0          SH:  0    Dex: 16    Spells: 4/15 levels left

rFire   . . .      SeeInvis +   m - +2 dagger (venom)
rCold   . . .      Faith    .   (no shield)
rNeg    . . .      Spirit   .   b - +0 robe
rPois   .          Reflect  .   (helmet restricted)
rElec   .          Harm     .   (no cloak)
rCorr   .          Rampage  .   (gloves unavailable)
Will    .....      NoTele   +   (boots unavailable)
Stlth   +++++.....              (no amulet)
HPRegen 0.08/turn               (no ring)
MPRegen 0.14/turn               (no ring)

@: very quick
A: very small, no large weapons, unfitting armour, see invisible, speed 3
a: Renounce Religion, Minor Destruction, Lesser Servant of Makhleb, Major
Destruction


You were in the Dungeon.
You worshipped Makhleb.
Makhleb was greatly pleased with you.
You visited 1 branch

Inventory:

Hand Weapons
 a - a +2 dagger
 m - a +2 dagger of venom (weapon)
Missiles
 l - 9 stones (quivered)
Armour
 b - a +0 robe (worn)
Scrolls
 i - a scroll of blinking
 j - 5 scrolls of amnesia
 k - a scroll of summoning
Potions
 c - 4 potions of invisibility
 d - 5 potions of curing
 e - 6 potions of heal wounds
 f - a potion of haste
 g - 4 potions of magic
 h - 3 potions of berserk rage


   Skills:
 + Level 1.2 Fighting
 * Level 3.0 Short Blades
 * Level 4.3 Dodging
 * Level 10.7 Stealth
 + Level 5.9 Spellcasting
 * Level 6.8 Hexes


You had 4 spell levels left.
You knew the following spells:

 Your Spells              Type           Power      Damage    Failure   Level
a - Ensorcelled Hibernat  Hex/Ice        30%        N/A       4%          2
b - Confusing Touch       Hex            26%        N/A       2%          3
c - Dazzling Flash        Conj/Hex       30%        N/A       10%         3
d - Tukima's Dance        Hex            26%        N/A       2%          3

Your spell library contained the following spells:

 Spells                   Type           Power      Damage    Failure   Level


Dungeon Overview and Level Annotations

Branches:
Dungeon (1/1)

Altars:
Ashenzari
Cheibriados
Dithmenos
Elyvilon
Fedhas
Gozag
Hepliaklqana
Kikubaaqudgha
Makhleb
Nemelex Xobeh
Okawaru
Qazlal
Ru
Sif Muna
Trog
Uskayaw
Vehumet
Wu Jian
Xom
Yredelemnul
Zin
The Shining One
Jiyva
Lugonu


Innate Abilities, Weirdness & Mutations

You are very small and have problems with some larger weapons.
You are too small for most types of armour.
You have supernaturally acute eyesight. (SInv)
You cover ground extremely quickly. (Speed+++)


Message History

Press: ? - help, Shift-Dir - straight line, f - water moccasin
Aim: a water moccasin (chance to affect: 49%)
The water moccasin resists with some effort.
The water moccasin barely misses you. The water moccasin bites you.
Casting: Ensorcelled Hibernation (safe; 4% risk of failure)
Confirm with . or Enter, or press ? or * to list all spells.
You don't have enough magic to cast this spell.
Unknown command.
There is an open door here.
You close the door.
You start resting.
HP restored.
You start resting.
Magic restored.
You start waiting.
You start waiting.
Done waiting.
You open the door.
There is an open door here.
You see here a jackal skeleton.
A centaur and a jackal come into view.
There is an open door here.
Unknown command.
Unknown command.
Unknown command.
There is an open door here.
The fire bat barely misses you.
You see here a jackal skeleton.
Casting: Ensorcelled Hibernation (safe; 4% risk of failure)
Confirm with . or Enter, or press ? or * to list all spells.
Aiming: Ensorcelled Hibernation (safe; 4% risk of failure)
Press: ? - help, Shift-Dir - straight line, f - fire bat
Aim: a fire bat (chance to affect: 57%)
The fire bat looks drowsy...
The jackal barks!
The fire bat completely misses you. The fire bat bites you.
You are engulfed in flames!
You see here a jackal skeleton.
You miss the fire bat. The fire bat bites you.
You are engulfed in flames!
You die...

#'#####'#####.....
#.#..#..#..##.....
#.#..'..'..#####'#
#.##'####'###.....
#.#........##.....
#.#........##.....
#.#####'#####...<.
#.#..[.))..##.....
#@#..[)))..##.....
#b###########.....
#hS..S.c# ######
#.......#
#...#..h# #..##
..# #... .# #....
# #....


You could see a water moccasin, a fire bat and a jackal.

Vanquished Creatures
  2 scorpions (D)
  An ufetubus (D)
  An adder zombie (D)
  A giant cockroach (D)
  2 hobgoblins (D)
  7 jackals (D)
  2 ball pythons (D)
  A frilled lizard (D)
17 creatures vanquished.

Notes
Turn   | Place    | Note
-------+----------+-------------------------------------------
     0 | D        | Groucho the Spriggan Enchanter began the quest for the Orb.
     0 | D        | Reached XP level 1. HP: 9/9 MP: 5/5
    21 | D        | Reached skill level 5 in Stealth
   443 | D        | Found a bloodstained altar of Trog.
   443 | D        | Found a shimmering blue altar of Sif Muna.
   443 | D        | Found a viscous altar of Jiyva.
   443 | D        | Found a hazy altar of Hepliaklqana.
   443 | D        | Found an opulent altar of Gozag.
   444 | D        | Found a glowing golden altar of the Shining One.
   444 | D        | Found a glowing silver altar of Zin.
   444 | D        | Found a basalt altar of Yredelemnul.
   444 | D        | Found a shimmering altar of Xom.
   444 | D        | Found an ornate altar of the Wu Jian Council.
   444 | D        | Found a sacrificial altar of Ru.
   444 | D        | Found a stormy altar of Qazlal.
   444 | D        | Found an iron altar of Okawaru.
   444 | D        | Found a sparkling altar of Nemelex Xobeh.
   444 | D        | Found a burning altar of Makhleb.
   444 | D        | Found a blossoming altar of Fedhas.
   444 | D        | Found a white marble altar of Elyvilon.
   444 | D        | Found a shadowy altar of Dithmenos.
   444 | D        | Found a snail-covered altar of Cheibriados.
   447 | D        | Found a corrupted altar of Lugonu.
   447 | D        | Found a radiant altar of Vehumet.
   448 | D        | Found an ancient bone altar of Kikubaaqudgha.
   448 | D        | Found a hide-covered altar of Uskayaw.
   448 | D        | Found a broken altar of Ashenzari.
   458 | D        | Became a worshipper of Makhleb the Destroyer
   478 | D        | Reached skill level 6 in Stealth
   632 | D        | Reached XP level 2. HP: 13/13 MP: 7/7
   632 | D        | Reached * piety under Makhleb
   993 | D        | Learned a level 2 spell: Ensorcelled Hibernation
   994 | D        | Noticed a scorpion
   998 | D        | Killed a scorpion
   998 | D        | Reached ** piety under Makhleb
   999 | D        | Reached skill level 9 in Stealth
   999 | D        | Reached skill level 5 in Spellcasting
   999 | D        | Reached XP level 3. HP: 16/16 MP: 1/10
   999 | D        | Reached XP level 4. HP: 21/21 MP: 1/12
  1085 | D        | Noticed a scorpion
  1481 | D        | HP: 1/21 [poisoned by a scorpion]
  2044 | D        | Reached skill level 10 in Stealth
  2056 | D        | Learned a level 3 spell: Confusing Touch
  2060 | D        | Learned a level 3 spell: Dazzling Flash
  2064 | D        | Learned a level 3 spell: Tukima's Dance
  2066 | D        | Killed a scorpion
  2067 | D        | Reached skill level 1 in Fighting
  2076 | D        | Reached *** piety under Makhleb
  2077 | D        | Reached XP level 5. HP: 22/25 MP: 9/14
  2332 | D        | Noticed a fire bat
  2333 | D        | Noticed a water moccasin
  2341 | D        | Reached **** piety under Makhleb
  2632 | D        | Noticed a centaur
  2639 | D        | Slain by a fire bat

Illustrated notes

Levels and vault maps discovered:
D:        pitsprint [storerooms_1, entrance_room_1, metal_vault_4, armoury_1,
          mini_pit_1, grid_room_1, main_hall_1, silver_pit, the_coven_3,
          the_vestibule_1, steel_vault_5, golden_pit, hallway_of_sentries,
          crystal_vault_4, iron_vault_3, final_vault]

Skill      XL: |  1  2  3  4  5 |
---------------+----------------+-----
Stealth        | 6 9 10 | 10.7
Spellcasting   | 3 5 |  5.9
Hexes          | 4 6 |  6.8
Fighting       | 1 |  1.2
Short Blades   | 2 3 |  3.0
Dodging        | 4 |  4.3

Action                   |  1- 3 |  4- 6 || total
-------------------------+-------+-------++-------
Melee: Dagger            |    32 |    20 ||    52
       Punch             |     1 |       ||     1
Throw: Stone             |       |     1 ||     1
 Cast: Ensorcelled Hiber |     2 |    18 ||    20
       Confusing Touch   |       |     1 ||     1
  Use: Potion            |       |     1 ||     1
 Stab: Sleeping          |     3 |     9 ||    12
       Confused          |       |     1 ||     1
Armor: Robe              |     2 |     2 ||     4
Dodge: Dodged            |    37 |    14 ||    51
